 Dungeon Crawl Stone Soup version 0.22.1-1-ga44c0e5 (webtiles) character file.

10586 eccles the Severer (level 11, -24/102 HPs)
             Began as a Minotaur Berserker on Oct 17, 2018.
             Was a High Priest of Trog.
             Annihilated by Gastronok (33 damage)
             ... on level 10 of the Dungeon on Oct 23, 2018.
             The game lasted 00:47:29 (8766 turns).

eccles the Severer (Minotaur Berserker)             Turns: 8766, Time: 00:47:31

Health: -24/102    AC: 10    Str: 28    XL:     11   Next: 38%
Magic:  10/10      EV: 13    Int:  4    God:    Trog [*****.]
Gold:   591        SH:  0    Dex: 12    Spells: 10/10 levels left

rFire    . . .     SeeInvis .   U - +0 battleaxe (curse)
rCold    + . .     Gourm    .   (shield currently unavailable)
rNeg     . . .     Faith    .   N - +0 ring mail {rPois}
rPois    +         Spirit   .   (helmet restricted)
rElec    .         Reflect  .   (no cloak)
rCorr    .         Harm     .   (no gloves)
MR       +....                  o - +2 pair of boots
Stlth    +.........             (no amulet)
HPRegen  0.27/turn              J - ring of protection from magic
MPRegen  0.12/turn              R - ring of protection from cold

@: mighty, hasted, very quick
A: retaliatory headbutt, horns 2, subdued magic 1
a: Berserk, Trog's Hand, Brothers in Arms, Renounce Religion


You were on level 10 of the Dungeon.
You worshipped Trog.
Trog was extremely pleased with you.
You were very hungry.

You visited 1 branch of the dungeon, and saw 10 of its levels.
You also visited: Ossuary.

You collected 591 gold pieces.

Inventory:

Hand Weapons
 E - the +0 battleaxe of Aqemaw {protect, *Contam rPois rC+}
   (You found it on level 6 of the Dungeon)

   It protects the one who uses it against injury (+AC on strike).
   It protects you from cold.
   It protects you from poison.
   It causes magical contamination when unequipped.
 I - a +0 war axe
 Q - the +3 short sword "Xuikhligh" {freeze, *Rage rN++ Dex-5 SInv}
   (Trog gifted it to you on level 8 of the Dungeon)

   It has been specially enchanted to freeze those struck by it, causing extra
   injury to most foes and up to half again as much damage against particularly
   susceptible opponents.
   It can also slow down cold-blooded creatures.
   It affects your dexterity (-5).
   It greatly protects you from negative energy.
   It lets you see invisible.
   It may make you go berserk in combat.
 U - a cursed +0 battleaxe (weapon)
Missiles
 A - 3 javelins (quivered)
Armour
 o - a +2 pair of boots (worn)
 B - a +0 plate armour
 N - a +0 ring mail of poison resistance (worn)
Jewellery
 J - a ring of protection from magic (left hand)
 R - a ring of protection from cold (right hand)
Wands
 H - a wand of acid (14)
 L - a wand of flame (19)
 O - a wand of iceblast (10)
Scrolls
 e - 2 scrolls of magic mapping
 h - a scroll of random uselessness {unknown}
 i - a scroll of blinking {unknown}
 l - 6 scrolls of remove curse
 n - 2 scrolls of amnesia {unknown}
 q - 2 scrolls of noise {unknown}
 s - 7 scrolls of teleportation
 u - 3 scrolls of fog {unknown}
 x - 7 scrolls of fear
 D - a scroll of enchant weapon {unknown}
 F - a scroll of brand weapon {unknown}
 G - a scroll of enchant armour {unknown}
Potions
 j - 2 potions of ambrosia
 m - a potion of berserk rage {unknown}
 r - 3 potions of flight
 t - a potion of curing
 v - 3 potions of lignification
 w - a potion of mutation {unknown}
 C - a potion of haste
 M - a potion of magic {unknown}
 P - 2 potions of agility {unknown}
Comestibles
 a - 12 chunks of flesh
 c - 17 rations


   Skills:
 * Level 11.0 Fighting
 * Level 15.7 Axes
 + Level 8.1 Armour
 + Level 4.5 Dodging
 + Level 0.3 Stealth
   Level 2.9 Shields


You had 10 spell levels left.
You didn't know any spells.
Your spell library was empty.

Dungeon Overview and Level Annotations

Branches:
Dungeon (10/15)            Temple (0/1) D:7             Orc (0/2) D:10
   Lair: D:8-11

Altars:
Dithmenos
Kikubaaqudgha
Makhleb
Okawaru

Annotations:
D:10 Gastronok


Innate Abilities, Weirdness & Mutations

You reflexively headbutt those who attack you in melee.
You have a pair of horns on your head.
Your spells are a little easier to cast, but a little less powerful.


Message History

You recover from your berserk rage.
The river rat bites you but does no damage.
Gastronok bites you!
* * * LOW HITPOINT WARNING * * *
The river rat closely misses you.
The howler monkey hoots and howls with incredible vigour!
You feel better.
You feel yourself speed up. The river rat bites you.
* * * LOW HITPOINT WARNING * * *
The howler monkey hits you but does no damage.
The rat bites you but does no damage. The river rat closely misses you.
You feel very mighty all of a sudden. The howler monkey misses you.
You furiously retaliate!
You headbutt the howler monkey, but do no damage.
The river rat bites you but does no damage.
The rat bites you.
* * * LOW HITPOINT WARNING * * *
Gastronok bites you!!
You die...

#.........!..
#.(............
#>....)........
#..............
#..)...........
#....).........
#..)))....z....
#.....rhw......
#......@r......
#.......r......
#..............
#..............
#..............
#..............
#......(.......
#..............


You could see Gastronok, a howler monkey, a wight, 2 river rats and a rat.

Vanquished Creatures
  Erolcha (D:10)
  A two-headed ogre (D:10)
  Pikel (D:7)
  2 trolls (D:9)
  Grinder (D:4)
  A hippogriff (D:7)
  A shadow (D:9)
  A spriggan (D:7)
  5 yaks (D:9)
  A wraith (D:10)
  A hungry ghost (D:9)
  A steam dragon (D:8)
  2 insubstantial wisps (D:8)
  8 orc warriors
  6 sky beasts
  3 ice beasts
  3 necrophages
  10 ogres
  3 phantoms
  2 centaurs (D:9)
  2 crocodiles
  A big kobold (D:7)
  3 elf zombies (Ossuary)
  3 bullfrogs
  A wyvern skeleton (D:9)
  A water moccasin zombie (D:5)
  6 killer bees (D:8)
  4 wights (D:9)
  7 howler monkeys
  A crimson imp (D:8)
  3 centaur zombies
  A quasit (D:10)
  3 hounds
  A human zombie (Ossuary)
  9 orc priests
  11 orc wizards
  A centaur skeleton (D:4)
  3 iguanas
  6 worker ants
  A killer bee zombie (D:7)
  A big kobold zombie (Ossuary)
  A hound zombie (D:9)
  A hound skeleton (D:5)
  3 mummies (Ossuary)
  11 gnolls
  13 adders
  A shadow imp (D:8)
  4 adder zombies (Ossuary)
  A worm (D:2)
  2 dart slugs
  5 leopard geckos
  39 orcs
  9 bats
  2 giant cockroaches
  A gnoll zombie (Ossuary)
  9 goblins
  8 hobgoblins
  5 jackals
  18 kobolds
  7 quokkas
  9 frilled lizards
  3 goblin zombies (Ossuary)
  6 hobgoblin zombies (Ossuary)
  3 jackal zombies (Ossuary)
  5 kobold zombies (Ossuary)
  A leopard gecko zombie (D:6)
  2 orc zombies (Ossuary)
  2 quokka skeletons
  3 quokka zombies (Ossuary)
  6 rats
  4 rat zombies
307 creatures vanquished.

Vanquished Creatures (others)
  2 slaves (D:7)
  A human (D:3)
  A leopard gecko (D:7)
  A quokka (D:7)
5 creatures vanquished.

Grand Total: 312 creatures vanquished

Notes
Turn   | Place    | Note
-------+----------+-------------------------------------------
     0 | D:1      | eccles the Minotaur Berserker began the quest for the Orb.
     0 | D:1      | Reached XP level 1. HP: 19/19 MP: 0/0
   126 | D:1      | Reached skill level 4 in Axes
   126 | D:1      | Reached XP level 2. HP: 22/27 MP: 1/1
   317 | D:1      | Reached ** piety under Trog
   422 | D:2      | Reached XP level 3. HP: 25/33 MP: 2/2
   602 | D:2      | Reached XP level 4. HP: 34/41 MP: 3/3
   613 | D:2      | Found an iron altar of Okawaru.
   763 | D:2      | Noticed an ogre
   768 | D:2      | Reached *** piety under Trog
   769 | D:2      | Killed an ogre
   769 | D:2      | Reached skill level 5 in Axes
   769 | D:2      | Reached XP level 5. HP: 47/47 MP: 4/4
   831 | D:2      | Reached skill level 1 in Shields
  1253 | D:3      | Found a faded altar of an unknown god.
  1300 | D:3      | Found an ancient bone altar of Kikubaaqudgha.
  1309 | D:3      | Noticed a human
  1310 | D:3      | Killed a human
  2108 | D:4      | Reached skill level 5 in Fighting
  2108 | D:4      | Reached XP level 6. HP: 56/56 MP: 5/5
  2110 | D:4      | Reached skill level 6 in Axes
  2676 | D:4      | Noticed Grinder
  2807 | D:4      | Killed Grinder
  2807 | D:4      | Reached skill level 7 in Axes
  2807 | D:4      | Reached skill level 5 in Armour
  2807 | D:4      | Reached XP level 7. HP: 54/61 MP: 6/6
  2813 | D:5      | Entered Level 5 of the Dungeon
  2991 | D:5      | Found a sand-covered staircase.
  3000 | Ossuary  | Entered an ossuary
  3025 | Ossuary  | Reached **** piety under Trog
  3034 | Ossuary  | Reached skill level 8 in Axes
  3044 | Ossuary  | Reached XP level 8. HP: 67/70 MP: 7/7
  3295 | Ossuary  | Reached skill level 9 in Axes
  3706 | D:5      | Found a burning altar of Makhleb.
  3714 | D:5      | Reached ***** piety under Trog
  3805 | D:6      | Got a dazzling battleaxe
  3815 | D:6      | Identified the cursed +0 battleaxe of Aqemaw {protect,
                  | *Contam rPois rC+} (You found it on level 6 of the Dungeon)
  3892 | D:6      | Reached skill level 10 in Axes
  3893 | D:6      | Gained mutation: Your spells are a little easier to cast,
                  | but a little less powerful. [mutagenic glow]
  4017 | D:6      | Found a shadowy altar of Dithmenos.
  4136 | D:6      | Reached XP level 9. HP: 76/79 MP: 8/8
  4666 | D:7      | Reached skill level 11 in Axes
  4669 | D:7      | Noticed Pikel
  4681 | D:7      | Killed Pikel
  4724 | D:7      | Reached skill level 12 in Axes
  5231 | D:7      | Found a staircase to the Ecumenical Temple.
  5501 | D:8      | Reached XP level 10. HP: 83/90 MP: 9/9
  5544 | D:8      | Reached skill level 13 in Axes
  5629 | D:8      | Received a gift from Trog
  5648 | D:8      | Got a bone short sword {god gift}
  5649 | D:8      | Identified the +3 short sword "Xuikhligh" {freeze, *Rage
                  | rN++ Dex-5 SInv} (Trog gifted it to you on level 8 of the
                  | Dungeon)
  6293 | D:9      | Reached skill level 14 in Axes
  6762 | D:9      | Reached skill level 10 in Fighting
  7792 | D:9      | Reached XP level 11. HP: 101/101 MP: 10/10
  8178 | D:9      | Reached skill level 15 in Axes
  8292 | D:10     | Entered Level 10 of the Dungeon
  8292 | D:10     | Noticed a two-headed ogre
  8301 | D:10     | Killed a two-headed ogre
  8384 | D:10     | Noticed Erolcha
  8397 | D:10     | Killed Erolcha
  8397 | D:10     | Received a gift from Trog
  8640 | D:10     | Found a staircase to the Orcish Mines.
  8749 | D:10     | Noticed Gastronok
  8766 | D:10     | Annihilated by Gastronok

Skill      XL: |  1  2  3  4  5  6  7  8  9 10 11 |
---------------+----------------------------------+-----
Axes           | 4 5 7 8 10 12 14 15 | 15.7
Fighting       | 4 5 6 7 8 10 11 | 11.0
Armour         | 3 5 6 7 8 |  8.1
Dodging        | 3 4 |  4.5
Shields        | 1 2 |  2.9
Stealth        | |  0.3

Action                   |  1- 3 |  4- 6 |  7- 9 | 10-12 || total
-------------------------+-------+-------+-------+-------++-------
Melee: Hand axe          |    61 |   126 |   234 |       ||   421
       Headbutt          |     6 |    21 |    88 |    57 ||   172
       War axe           |       |       |   152 |   187 ||   339
       Battleaxe         |       |       |       |    73 ||    73
Invok: Berserk           |       |     3 |     3 |     6 ||    12
  Use: Scroll            |       |     3 |     6 |     2 ||    11
       Potion            |       |       |       |     3 ||     3
  Eat: Chunk             |       |     8 |     9 |    10 ||    27
       Ration            |       |       |     1 |     2 ||     3
Armor: Animal skin       |     2 |       |       |       ||     2
       Scale mail        |    21 |    40 |       |       ||    61
       Chain mail        |       |    21 |       |       ||    21
       Plate armour      |       |     6 |   181 |       ||   187
       Ring mail         |       |       |    11 |    94 ||   105
Dodge: Dodged            |    35 |    71 |   133 |   123 ||   362
Block: Buckler           |     7 |    23 |    45 |    38 ||   113
